federica, lawful female human Samurai ------- |*....| |.....| --------- |.....| |........## ------ |.<..(| |.......| # |....| -----|- |....(^.+#######.....| # |.......| |....| # |........# |....| # --.-.----# |....| # ### -.---- # ## # ## # # ### ## ---|- -|--.- # #### ------- |...| |T*%.| ######## # # |.....| |>...#####.@%...##### -.------.-# ###|.....| |...| |..I.| #.%....).%.# #......| ----- ------ |........| ------- |........| ---------- federica the Kunoichi Experience level: 9 Strength: 18/02 Dexterity: 16 Constitution: 18 Intelligence: 8 Wisdom: 8 Charisma: 7 Health: 0(76) Energy: 41(41) AC: 10 Gold: 0 Moves: 4363 Spells known in the end: Name Level Category Fail Memory Your skills at the end: Fighting Skills martial arts [Basic / Master] Weapon Skills short sword [Basic / Expert] long sword [Skilled / Expert] bow [Basic / Expert] Spellcasting Skills Final Attributes: You were piously aligned. Hunger level was 875. Your alignment was 31 / 31. Monster difficulty range was 1 - 9. Level difficulty was 10. You saw invisible. You were fast. Your luck was zero. You are dead. Vanquished creatures: 2 giant mimics a large dog a freezing sphere 2 shocking spheres a gargoyle an ochre jelly a wraith 2 soldiers a chameleon 3 wolves 2 winter wolf cubs a panther an iron piercer 2 giant spiders an ice vortex a Green-elf 4 chickatrices a dingo 2 jaguars a blue jelly a raven a snake a rope golem a Woodland-elf a soldier ant an imp an enormous rat a rock mole a pony a yellow light a violet fungus a gnome lord 2 gnomish wizards 2 gray oozes a wax golem a baby crocodile a little dog a floating eye a kitten a homunculus 4 rothes a rabid rat an orc zombie 2 dwarf zombies 10 killer bees an acid blob a large kobold a hobgoblin a giant rat 2 cave spiders a green mold 3 geckos 5 jackals 2 foxes a kobold 2 goblins 3 sewer rats 3 bats 3 lichens 5 newts 105 creatures vanquished. Voluntary challenges: You used a wielded weapon 131 times. You read items or engraved 9 times. You put on armor 8 times. You never genocided any monsters. You never polymorphed an object. You changed form 1 time. You used no wishes. You wrote Elbereth's name 4 times. You never encountered a bones level. You used 3 Sokoban shortcuts. Dungeon overview: The Dungeons of Doom: levels 1 to 11 Level 1 a long staircase Level 2 a bookstore, a fountain Level 3 an altar to Amaterasu Omikami Level 4 some fountains Level 5 a pet store Level 10 <- You were here stairs to Sokoban Sokoban: levels 7 to 9 Level 9 a magic chest stairs to The Dungeons of Doom History has recorded: On T:1 you entered the Dungeons of Doom to retrieve the Amulet of Yendor! On T:26 you reached level 2 of The Dungeons of Doom. On T:410 you advanced to experience level 2. On T:546 you reached level 3 of The Dungeons of Doom. On T:707 you advanced to experience level 3. On T:714 you received Snickersnee from Amaterasu Omikami. On T:737 you reached level 4 of The Dungeons of Doom. On T:795 you advanced to experience level 4. On T:969 you reached level 5 of The Dungeons of Doom. On T:1003 you advanced to experience level 5. On T:1191 you reached level 6 of The Dungeons of Doom. On T:1236 you advanced to experience level 6. On T:1374 you advanced to experience level 7. On T:1441 you reached level 7 of The Dungeons of Doom. On T:1709 you advanced to experience level 8. On T:1733 you reached level 8 of The Dungeons of Doom. On T:1941 you reached level 9 of The Dungeons of Doom. On T:1980 you reached level 10 of The Dungeons of Doom. On T:2063 you reached level 11 of The Dungeons of Doom. On T:2225 you reached level 3 of Sokoban. On T:2476 you reached level 2 of Sokoban. On T:3110 you advanced to experience level 9. On T:3285 you reached level 1 of Sokoban. Latest messages: You are covered with a seemingly harmless goo. You miss it. (2x) You return to human form! You can see again. [HP+40=76] [2 turns] You hit the ochre jelly. You are covered in slime! It burns! [HP-11=65] You hit the ochre jelly. You are splashed by the ochre jelly's acid! [HP-5=60] You kill the ochre jelly! You are splashed by the ochre jelly's acid! The troll thrusts his partisan. The troll hits! (2x) The troll bites! [HP-30=30] You attack thin air. The troll thrusts his partisan. The troll hits! (2x) The troll bites! [HP-18=12] You kill the kobold! The troll thrusts his partisan. The troll hits! (2x) You die... Not carrying anything. Final status: Sayonara federica the Samurai... You died in The Dungeons of Doom on dungeon level 10 with 1436 points, and 0 pieces of gold, after 4363 moves. You were level 9 with a maximum of 76 hit points when you died.